 Dungeon Crawl Stone Soup version 0.30-a0-1157-g2cc9ac7196 (webtiles) character file.

Game seed: 8313838951231536706

57641 jasper the Spry (level 14, -1/76 HPs)
             Began as a Spriggan Conjurer on Apr 24, 2023.
             Was a High Priest of Sif Muna.
             Slain by a wyvern (17 damage)
             ... on level 5 of the Lair of Beasts.
             The game lasted 01:09:37 (29803 turns).

jasper the Spry (Spriggan Conjurer)                Turns: 29803, Time: 01:09:38

Health: -1/76      AC:  5    Str:  3    XL:     14   Next: 46%
Magic:  5/29       EV: 26    Int: 23    God:    Sif Muna [*****.]
Gold:   151        SH:  0    Dex: 15    Spells: 1/33 levels left

rFire   + . .        O - staff of conjuration
rCold   . . .        (shield currently unavailable)
rNeg    + . .        F - +2 robe {rF+}
rPois   .            (helmet restricted)
rElec   .            x - +0 cloak
rCorr   +            (gloves unavailable)
SInv    +            (boots unavailable)
Will    ++...        w - amulet of the acrobat
Stlth   ++++         l - ring of resist corrosion
HPRegen 0.32/turn    K - ring of positive energy
MPRegen 0.21/turn

%: acrobat
@: very quick
A: very small, no large weapons, unfitting armour, see invisible, speed 3
a: Renounce Religion, Channel Magic, Forget Spell, Divine Exegesis


You were on level 5 of the Lair of Beasts.
You worshipped Sif Muna.
Sif Muna was extremely pleased with you.
You visited 5 branches of the dungeon, and saw 21 of its levels.

You collected 2065 gold pieces.
You spent 1914 gold pieces at shops.

Inventory:

Hand Weapons
 f - a +1 whip of draining
Missiles
 C - 6 throwing nets
 H - 2 curare-tipped darts
Armour
 a - a +0 robe
 x - a +0 cloak (worn)
 A - a +0 cloak
 F - a +2 robe of fire resistance (worn)
Magical Staves
 c - a staff of death
 J - a staff of air
 O - a staff of conjuration (weapon)
Jewellery
 l - a ring of resist corrosion (left hand)
 v - a ring of ice
 w - an amulet of the acrobat (around neck)
 K - a ring of positive energy (right hand)
 M - a ring of flight
Wands
 s - a wand of digging (11)
 u - a wand of polymorph (15)
 D - a wand of flame (47)
Scrolls
 d - 4 scrolls of immolation
 e - 14 scrolls of teleportation
 k - 4 scrolls of fog
 n - 2 scrolls of enchant armour
 p - 2 scrolls of amnesia
 t - a scroll of magic mapping
 y - 5 scrolls of enchant weapon
 L - 5 scrolls of identify
 N - a scroll of blinking
Potions
 b - 3 potions of magic
 g - 6 potions of might
 h - 10 potions of curing
 i - a potion of brilliance
 j - 3 potions of cancellation
 m - 4 potions of mutation
 o - 3 potions of resistance
 q - 2 potions of invisibility
 r - 5 potions of heal wounds
 z - 6 potions of attraction
 B - 5 potions of haste
 E - 7 potions of degeneration
 I - a potion of berserk rage


   Skills:
 + Level 9.9 Fighting
 - Level 15.0 Dodging
 - Level 10.0 Stealth
 - Level 10.0 Spellcasting
 - Level 6.0 Conjurations
 - Level 7.2 Hexes
 - Level 5.0 Summonings
 - Level 4.0 Necromancy
 - Level 10.2 Translocations
 - Level 10.0 Invocations
 - Level 6.0 Evocations


You had one spell level left.
You knew the following spells:

 Your Spells              Type           Power      Damage    Failure   Level
a - Magic Dart            Conj           100%       1d8       1%          1
b - Searing Ray           Conj           100%       2d8       1%          2
c - Fulminant Prism       Conj/Hex       29%        3d14      3%          4
d - Iskenderun's Mystic   Conj/Tloc      65%        2d13      1%          4
e - Mephitic Cloud        Conj/Pois/Air  31%        N/A       8%          3
f - Summon Forest         Summ/Tloc      23%        N/A       7%          5
g - Anguish               Hex/Necr       18%        N/A       5%          4
h - Enfeeble              Hex            22%        N/A       94%         7
i - Blink                 Tloc           100%       N/A       1%          2

Your spell library contained the following spells:

 Spells                   Type           Power      Damage    Failure   Level
 Kiss of Death            Conj/Necr      100%       2d13      1%          1
 Freeze                   Ice            44%        1d6       5%          1
 Sandblast                Erth           22%        2d7       5%          1
 Lesser Beckoning         Tloc           100%       N/A       1%          2
 Momentum Strike          Conj/Tloc      100%       3d10      1%          2
 Dazzling Flash           Conj/Hex       100%       N/A       1%          3
 Cause Fear               Hex            22%        N/A       2%          4
 Vampiric Draining        Necr           30%        2d8       3%          3
 Hailstorm                Conj/Ice       38%        3d9       4%          3
 Stone Arrow              Conj/Erth      76%        3d11      4%          3
 Passwall                 Tmut/Erth      9%         N/A       9%          2
 Poisonous Vapours        Pois/Air       22%        N/A       9%          2
 Summon Mana Viper        Hex/Summ       39%        N/A       13%         5
 Frozen Ramparts          Ice            22%        1d4       17%         3
 Ignite Poison            Fire/Tmut/Pois 11%        N/A       17%         3
 Summon Ice Beast         Ice/Summ       23%        N/A       21%         4
 Silence                  Hex/Air        14%        N/A       34%         5
 Yara's Violent Unravell  Hex/Tmut       14%        3d7       34%         5
 Irradiate                Conj/Tmut      19%        3d18      41%         5
 Borgnjor's Vile Clutch   Necr/Erth      10%        N/A       56%         5
 Freezing Cloud           Conj/Ice/Air   15%        6-21      56%         5
 Summon Cactus Giant      Summ           17%        N/A       73%         6
 Alistair's Intoxication  Tmut/Pois      7%         N/A       83%         5
 Death Channel            Necr           15%        N/A       86%         6
 Malign Gateway           Summ/Tloc      23%        N/A       91%         7
 Iron Shot                Conj/Erth      19%        9d4       94%         6
 Summon Hydra             Summ           17%        N/A       99%         7
 Eringya's Noxious Bog    Tmut/Pois      5%         N/A       100%        6
 Haunt                    Necr/Summ      16%        N/A       100%        7
 Necromutation            Tmut/Necr      10%        N/A       100%        8
 Summon Horrible Things   Summ           17%        N/A       100%        8


Dungeon Overview and Level Annotations

Branches:
Dungeon (12/15)            Temple (1/1) D:4            Lair (5/5) D:9
 Shoals (0/4) Lair:3       Spider (0/4) Lair:3        Slime (1/5) Lair:4
    Orc (2/2) D:9             Elf (0/3) Orc:2

Altars:
Ashenzari
Cheibriados
Dithmenos
Elyvilon
Fedhas
Gozag
Hepliaklqana
Kikubaaqudgha
Makhleb
Nemelex Xobeh
Okawaru
Qazlal
Ru
Sif Muna
Trog
Uskayaw
Vehumet
Wu Jian
Xom
Yredelemnul
Zin
The Shining One
Jiyva

Shops:
D:9 [   D:10 :   Orc:2 (:??*

Portals:
Pandemonium: Orc:2

Annotations:
D:9 2 transporters, Sleet's ghost, novice MiBe
Lair:1 exclusion: oklob plant
Lair:2 Maggie
Lair:4 3 runed translucent doors, Zvl3's ghost, journeyman MiFi


Innate Abilities, Weirdness & Mutations

You are very small and have problems with some larger weapons.
You are too small for most types of armour.
You have supernaturally acute eyesight. (SInv)
You cover ground extremely quickly. (Speed+++)


Message History

You conjure a prism of explosive energy!
A fulminant prism comes into view.
You now have 10/29 mp.
Your fulminant prism crackles loudly.
A torpor snail comes into view.
Being near the torpor snail leaves you feeling lethargic.
Your fulminant prism explodes!
The blast of energy engulfs the death yak!!
The death yak is moderately wounded.
Casting: Fulminant Prism (dangerous; 3% risk of failure)
Confirm with . or Enter, or press ? or * to list all spells.
Aiming: Fulminant Prism (dangerous; 3% risk of failure)
Press: ? - help, Dir - move target You feel a surge of power!
You conjure a prism of explosive energy!
A fulminant prism comes into view.
You now have 7/29 mp.
You feel yourself speed up.
Your fulminant prism crackles loudly.
Your fulminant prism explodes!
The blast of energy engulfs the death yak.
The death yak is moderately wounded.
The death yak gores you!!
You hear an angry hiss. x3
You take 23 damage, and have 53/76 hp.
MASSIVE DAMAGE!!
Casting: Fulminant Prism (dangerous; 3% risk of failure)
Confirm with . or Enter, or press ? or * to list all spells.
You feel a surge of power!
You erupt in a blast of force!
The mystic blast hits the death yak but does no damage.
The death yak is moderately wounded.
The death yak gores you!!
You take 19 damage, and have 34/76 hp.
MASSIVE DAMAGE!!
You now have 3/29 mp.
A wyvern comes into view.
You hit the wyvern but do no damage. The wyvern barely misses you. x2
The wyvern misses you.
You hit the wyvern but do no damage. The wyvern bites you.
The wyvern bites you!
* * * LOW HITPOINT WARNING * * *
The wyvern bites you!
You die...

...##............. #.#.###
...+......P........ ##....#
....#............P.. ##..##
...###...#.....P.... #..#
...# #......#..... ##..#
....###....#.....########..##
................P..#..##....#
..................#.#..#...##
..... ........l@..........##
... ......l............#
...................#
........##Y..#.....#
..##...##..####.P.P# ..... #
.#....##..####...#
.#..#.###.##....#Y...###.#.#
.........# #....#†...#...###
#.......###....††<.......


You could see a death yak and 2 wyverns.

Vanquished Creatures
  Harold (Lair:1)
  3 hydras (Lair:4)
  2 two-headed ogres (D:8)
  4 orc high priests (Orc:2)
  An orb spider (Lair:3)
  A lindwurm (Lair:2)
  An orc knight (Orc:2)
  A wolf spider (Lair:5)
  5 orc sorcerers (Orc:2)
  Maurice (D:9)
  An elephant (Lair:4)
  6 black mambas
  Joseph (D:9)
  8 cane toads
  4 unseen horrors (D:11)
  Psyche (D:8)
  4 rime drakes
  8 komodo dragons
  A troll (D:8)
  A polar bear (Lair:3)
  12 blink frogs (Lair:3)
  2 shadows
  2 wraiths
  3 slime creatures (D:11)
  47 yaks
  16 wyverns
  6 basilisks
  A vampire (D:10)
  6 vampire mosquitoes (D:10)
  A chaos spawn (Orc:2)
  A warg (Orc:1)
  An acid dragon (D:9)
  15 water moccasins
  21 orc warriors
  An ice beast (D:5)
  8 centaurs
  3 wolves
  3 sky beasts
  3 ogres (Orc:2)
  2 phantoms
  15 bullfrogs
  3 kobold brigands
  4 scorpions
  7 wights
  10 howler monkeys
  2 hounds
  Crazy Yiuf (D:7)
  17 orc priests
  2 jellies (D:5)
  A gnoll bouda (D:8)
  4 hell rats (Lair:2)
  An iguana (D:5)
  Natasha (D:4)
  20 orc wizards
  18 gnolls
  5 adders
  A white imp (D:5)
  2 dart slugs (D:3)
  A worm (D:3)
  61 orcs
  A bat zombie (D:9)
  7 endoplasms
  A giant cockroach (D:4)
  12 goblins
  14 hobgoblins
  5 jackals
  3 quokkas
  4 ball pythons
  6 bats
  3 frilled lizards
  21 kobolds
  10 rats
  A fulminant prism (Lair:1)
  A snaplasher vine (Orc:2)
474 creatures vanquished.

Vanquished Creatures (collateral kills)
  Snorg (Lair:4)
  A boulder beetle (D:11)
  2 two-headed ogres
  Erica (D:9)
  An orc high priest (Orc:2)
  3 orc knights (Orc:2)
  An orc sorcerer (Orc:2)
  A cyclops (Orc:2)
  2 elephants (Lair:4)
  An eye of devastation (Lair:4)
  A cane toad (Lair:5)
  2 hellwings (Orc:2)
  A polar bear (Lair:5)
  A troll (Orc:2)
  13 blink frogs (Lair:3)
  6 wyverns
  7 yaks (D:11)
  3 slime creatures (D:12)
  A neqoxec (Orc:2)
  A warg (Orc:2)
  2 water moccasins
  A nameless horror (Lair:3)
  A floating eye (Lair:4)
  10 orc warriors
  2 ogres (Orc:1)
  A wolf (Lair:3)
  7 orc priests
  5 orc wizards
  14 orcs
  A snaplasher vine (Orc:2)
94 creatures vanquished.

Vanquished Creatures (others)
  A wyvern (Lair:4)
  An orc (D:9)
  383 fulminant prisms
  63 fungi
  91 plants
  5 snaplasher vines
  12 toadstools (Lair:1)
556 creatures vanquished.

Grand Total: 1124 creatures vanquished

Notes
Turn   | Place    | Note
-------+----------+-------------------------------------------
     0 | D:1      | jasper the Spriggan Conjurer began the quest for the Orb.
     0 | D:1      | Reached XP level 1. HP: 9/9 MP: 5/5
   227 | D:1      | Reached XP level 2. HP: 13/13 MP: 1/7
   492 | D:1      | Learned a level 2 spell: Searing Ray
   954 | D:2      | Reached XP level 3. HP: 16/16 MP: 6/9
  1952 | D:3      | Reached XP level 4. HP: 21/21 MP: 6/11
  1959 | D:3      | Learned a level 4 spell: Fulminant Prism
  1964 | D:3      | Learned a level 4 spell: Iskenderun's Mystic Blast
  2200 | D:3      | Reached skill level 1 in Translocations
  2569 | D:3      | Reached XP level 5. HP: 24/24 MP: 3/13
  2980 | D:4      | Noticed Natasha
  2996 | D:4      | Killed Natasha
  3096 | D:4      | Reached skill level 5 in Spellcasting
  3105 | D:4      | Learned a level 3 spell: Mephitic Cloud
  3585 | D:4      | Found a staircase to the Ecumenical Temple.
  3605 | Temple   | Entered the Ecumenical Temple
  4014 | D:4      | Found a shimmering blue altar of Sif Muna.
  4085 | D:4      | Became a worshipper of Sif Muna the Loreminder
  4108 | D:5      | Entered Level 5 of the Dungeon
  4256 | D:5      | Found an ornate altar of the Wu Jian Council.
  4273 | D:5      | Reached XP level 6. HP: 28/28 MP: 9/15
  4340 | D:5      | Noticed an ice beast
  4347 | D:5      | Killed an ice beast
  4439 | D:5      | Noticed an orc warrior
  4453 | D:5      | Killed an orc warrior
  4454 | D:5      | Reached XP level 7. HP: 24/32 MP: 7/17
  4681 | D:5      | Reached skill level 5 in Translocations
  5075 | D:5      | Found a radiant altar of Vehumet.
  5177 | D:5      | Found an iron altar of Okawaru.
  5200 | D:5      | Found a shadowy altar of Dithmenos.
  5305 | D:5      | Found a sparkling altar of Nemelex Xobeh.
  5314 | D:5      | Found a basalt altar of Yredelemnul.
  5584 | D:6      | Reached skill level 5 in Conjurations
  5730 | D:6      | Reached skill level 1 in Hexes
  5836 | D:6      | Learned a level 5 spell: Summon Forest
  5993 | D:6      | Reached XP level 8. HP: 36/36 MP: 14/19
  6125 | D:6      | Reached * piety under Sif Muna
  7051 | D:7      | Reached skill level 5 in Hexes
  7396 | D:7      | Reached skill level 3 in Dodging
  7406 | D:7      | Reached skill level 1 in Invocations
  7406 | D:7      | Reached XP level 9. HP: 40/40 MP: 12/22
  7424 | D:7      | Reached skill level 1 in Fighting
  7846 | D:7      | Found a runed translucent door.
  7847 | D:7      | Noticed Crazy Yiuf
  7949 | D:7      | Killed Crazy Yiuf
  8050 | D:8      | Noticed a troll
  8062 | D:8      | Noticed Psyche
  8065 | D:8      | Killed a troll
  8066 | D:8      | Reached skill level 4 in Dodging
  8071 | D:8      | Killed Psyche
  8072 | D:8      | Reached skill level 5 in Stealth
  8139 | D:8      | Reached ** piety under Sif Muna
  8395 | D:8      | Noticed a two-headed ogre
  8415 | D:8      | Killed a two-headed ogre
  8416 | D:8      | Reached skill level 5 in Dodging
  8906 | D:8      | Found an opulent altar of Gozag.
  9031 | D:8      | Found a shimmering altar of Xom.
  9076 | D:8      | Noticed a two-headed ogre
  9100 | D:8      | Killed a two-headed ogre
  9101 | D:8      | Reached skill level 6 in Dodging
  9101 | D:8      | Reached XP level 10. HP: 49/49 MP: 1/23
  9857 | D:9      | Found a stormy altar of Qazlal.
  9861 | D:9      | Noticed Erica
  9863 | D:9      | Noticed Joseph
  9885 | D:9      | Found a transporter.
  9891 | D:9      | Found a transporter.
  9892 | D:9      | Found a bloodstained altar of Trog.
  9892 | D:9      | Noticed Sleet's ghost (novice MiBe)
  9895 | D:9      | Noticed a tengu warrior
  9899 | D:9      | Noticed Maurice
 10044 | D:9      | Found a staircase to the Lair.
 10353 | D:9      | Found an ancient bone altar of Kikubaaqudgha.
 10569 | D:9      | Noticed a moth of wrath
 10617 | D:9      | Found Varilox's Armour Shop.
 10618 | D:9      | Found a staircase to the Orcish Mines.
 10841 | D:9      | Reached skill level 7 in Dodging
 10845 | D:9      | Reached skill level 5 in Evocations
 10846 | Lair:1   | Entered Level 1 of the Lair of Beasts
 10846 | Lair:1   | Noticed a cane toad
 10984 | Lair:1   | Reached skill level 5 in Invocations
 11130 | Lair:1   | Noticed Harold
 11203 | Lair:1   | Killed a cane toad
 11343 | Lair:1   | Reached skill level 8 in Dodging
 11348 | Lair:1   | Noticed a cane toad
 11354 | Lair:1   | Killed a cane toad
 11368 | Lair:1   | Reached XP level 11. HP: 54/54 MP: 4/24
 11641 | Lair:1   | Got Sif Muna's Enchiridion on Attendants and Iniquitous
                  | Liturgies
 11749 | Lair:1   | Reached skill level 1 in Summonings
 11861 | Lair:1   | Killed Harold
 11862 | Lair:1   | Reached skill level 10 in Stealth
 12538 | Lair:1   | Found a blossoming altar of Fedhas.
 12552 | Lair:1   | Noticed an oklob plant
 13310 | Lair:2   | Noticed a lindwurm
 13354 | Lair:2   | Killed a lindwurm
 13354 | Lair:2   | Reached *** piety under Sif Muna
 14246 | Lair:2   | Noticed Maggie
 14669 | D:9      | Killed Erica
 14739 | D:9      | Reached skill level 10 in Translocations
 15593 | D:9      | Found a burning altar of Makhleb.
 15622 | D:9      | Killed Joseph
 15691 | D:9      | Killed Maurice
 15707 | D:9      | Reached skill level 5 in Summonings
 15935 | D:9      | Noticed a two-headed ogre
 16218 | D:9      | Found a glowing silver altar of Zin.
 16220 | D:9      | Found a bloodstained altar of Trog.
 16282 | D:10     | Entered Level 10 of the Dungeon
 16690 | D:10     | Found Pighac's Book Boutique.
 16695 | D:10     | Bought a book of Hexes for 576 gold pieces
 16818 | D:10     | Reached skill level 5 in Fighting
 17004 | D:10     | Reached **** piety under Sif Muna
 17005 | D:10     | Reached XP level 12. HP: 48/60 MP: 10/26
 17272 | D:11     | Noticed a boulder beetle
 17437 | D:11     | Reached skill level 9 in Dodging
 17975 | D:11     | Killed a boulder beetle
 18271 | D:11     | Found a glowing golden altar of the Shining One.
 18942 | D:12     | Noticed a two-headed ogre
 18975 | D:12     | Killed a two-headed ogre
 18976 | D:12     | Reached skill level 10 in Spellcasting
 18986 | D:12     | Learned a level 4 spell: Anguish
 19565 | Lair:3   | Reached ***** piety under Sif Muna
 19904 | Lair:3   | Reached XP level 13. HP: 65/65 MP: 12/28
 20827 | Lair:3   | Found a staircase to the Shoals.
 20979 | Lair:3   | Found a hole to the Spider Nest.
 21320 | Lair:4   | Noticed an azure jelly
 21320 | Lair:4   | Noticed an azure jelly
 21320 | Lair:4   | Noticed an acid blob
 21320 | Lair:4   | Noticed an azure jelly
 21320 | Lair:4   | Noticed an acid blob
 21320 | Lair:4   | Found a runed translucent gate.
 21320 | Lair:4   | Found a runed translucent gate.
 21320 | Lair:4   | Found a runed translucent gate.
 21326 | Lair:4   | Reached skill level 10 in Invocations
 21326 | Lair:4   | Noticed an acid blob
 21328 | Lair:4   | Noticed an acid blob
 21331 | Lair:4   | Noticed Zvl3's ghost (journeyman MiFi)
 21342 | Lair:4   | Noticed an acid blob
 21365 | Lair:4   | Noticed an acid blob
 21366 | Lair:4   | Noticed an acid blob
 21372 | Lair:4   | Reached skill level 10 in Dodging
 21372 | Lair:4   | Noticed an acid blob
 21380 | Lair:4   | Paralysed by a floating eye for 3 turns
 21380 | Lair:4   | Noticed an acid blob
 21417 | Lair:4   | Found a viscous altar of Jiyva.
 21417 | Lair:4   | Found a staircase to the Slime Pits.
 21603 | Lair:4   | Learned a level 7 spell: Enfeeble
 22047 | Lair:4   | Received a gift from Sif Muna
 22047 | Lair:4   | Noticed Snorg
 22048 | Lair:4   | Got Sif Muna's Compilation of the Feathery Barrage {god
                  | gift}
 22097 | Lair:4   | Killed Snorg
 22098 | Lair:4   | Reached skill level 11 in Dodging
 22971 | Lair:4   | Identified the +10 hand axe of Gocvyso {flame, rPois SInv}
 23058 | Lair:4   | Found a viscous altar of Jiyva.
 23286 | Orc:1    | Entered Level 1 of the Orcish Mines
 23936 | Orc:2    | Entered Level 2 of the Orcish Mines
 23958 | Orc:2    | Reached skill level 12 in Dodging
 23961 | Orc:2    | Received a gift from Sif Muna
 23962 | Orc:2    | Got Uwoxow's Precepts of Creeping Putrescence {god gift}
 24167 | Orc:2    | Found Beedafe's General Store.
 24175 | Orc:2    | Bought a potion of heal wounds for 60 gold pieces
 24255 | Orc:2    | Found a staircase to the Elven Halls.
 24876 | Orc:2    | Found Menuoxu's Magic Scroll Boutique.
 25182 | Orc:2    | Found Ulablech's Magic Scroll Shop.
 25618 | Orc:2    | Bought a scroll of blinking for 97 gold pieces
 25620 | Orc:2    | Bought a scroll of acquirement for 520 gold pieces
 25620 | Orc:2    | Bought a scroll of teleportation for 30 gold pieces
 25620 | Orc:2    | Bought a scroll of blinking for 75 gold pieces
 25620 | Orc:2    | Bought a scroll of immolation for 40 gold pieces
 25620 | Orc:2    | Bought a scroll of immolation for 40 gold pieces
 25620 | Orc:2    | Acquired a staff of conjuration
 26256 | Orc:2    | Reached skill level 13 in Dodging
 27004 | Orc:2    | Reached XP level 14. HP: 74/74 MP: 10/29
 27278 | Orc:2    | Found Senuwof's Antique Weapon Shoppe.
 27278 | Orc:2    | Found Kaugul's Book Emporium.
 27279 | Orc:2    | Found a one-way gate leading to the halls of Pandemonium.
 27285 | Orc:2    | Bought a Grand Grimoire for 476 gold pieces
 27288 | Orc:2    | Learned a level 2 spell: Blink
 27648 | Lair:5   | Entered Level 5 of the Lair of Beasts
 27714 | Slime:1  | Entered Level 1 of the Pits of Slime
 27714 | Slime:1  | Noticed a quicksilver ooze
 27768 | Lair:5   | Reached skill level 14 in Dodging
 28920 | Lair:5   | Received a gift from Sif Muna
 28921 | Lair:5   | Got Sif Muna's Essays on Execration {god gift}
 29664 | Lair:5   | Reached skill level 15 in Dodging
 29803 | Lair:5   | Slain by a wyvern

Illustrated notes

Levels and vault maps discovered:
D:1:      dpeg_arrival_simpleton_c, layout_rooms, minmay_fountain_box
D:2:      layout_loops_cross
D:3:      layout_basic, serial_park_tiny_2
D:4:      layout_loops_ring, lemuel_blue_sif_altar,
          minmay_temple_entry_glassed_door, uniq_natasha
D:5:      layout_basic, mainiacjoe_overflow_boulevard, old_standard_altar,
          nicolae_overflow_hidden_temple, okawaru_metal_pillars_1_2,
          mainiacjoe_overflow_swirl
D:6:      layout_cave_pools
D:7:      layout_loops_ring, uniq_crazy_yiuf_cottage
D:8:      layout_basic, xom_teletrap_fun, mainiacjoe_overflow_paths,
          minmay_statues_item, hangedman_abyss_or_decor_stagger, uniq_psyche
D:9:      layout_irregular_city, mainiacjoe_overflow_brackets,
          lemuel_zombie_altar_kikubaaqudgha, gammafunk_temple_overflow_statue,
          mainiacjoe_overflow_concentric_impassable, orc_david_3,
          gammafunk_ghost_wrathful_warriors, minmay_starry_boxes, uniq_erica,
          uniq_joseph, uniq_maurice
D:10:     layout_irregular_city, serial_shops, shop
D:11:     layout_loops_cross, nicolae_tso_swordbearing_angel
D:12:     layout_rooms, portal_ice_cave_rime
Temple:   hellmonk_temple_beads
Lair:1:   layout_long_grid, tgw_fedhas, grunt_megastairs_1,
          infiniplex_staircase_pool_2, uniq_harold
Lair:2:   layout_cave_pods, nicolae_lair_lindhole, uniq_maggie
Lair:3:   layout_gridlike, shoals_dummy_entry,
          nicolae_spider_entry_orb_guardian, beast_lair_carwin_11
Lair:4:   cheibrodos_lair_river_kwai, layout_big_grid, minmay_slime_entry_eyes,
          gammafunk_ghost_ooze, uniq_snorg
Lair:5:   hangedman_lair_tendril_chambers, layout_regular_city, uniq_urug
Slime:1:  layout_caves
Orc:1:    layout_caves, hellmonk_bongcloud_opening
Orc:2:    pf_orc_diabolical, layout_caves, serial_shops, shop, mines_bat_river

Skill      XL: |  1  2  3  4  5  6  7  8  9 10 11 12 13 14 |
---------------+-------------------------------------------+-----
Conjurations   | 3 4 5 6 |  6.0
Spellcasting   | 3 4 5 6 7 8 9 10 | 10.0
Translocations | 1 3 4 6 10 | 10.2
Hexes          | 2 5 7 |  7.2
Dodging        | 3 6 8 9 13 15 | 15.0
Invocations    | 1 4 5 6 8 10 | 10.0
Fighting       | 3 4 5 8 9 |  9.9
Stealth        | 7 9 10 | 10.0
Evocations     | 3 6 |  6.0
Summonings     | 5 |  5.0
Necromancy     | 4 |  4.0

Action                     |  1- 3 |  4- 6 |  7- 9 | 10-12 | 13-15 || total
---------------------------+-------+-------+-------+-------+-------++-------
  Melee: Staff             |       |       |    32 |    21 |    54 ||   107
         Whip              |       |       |       |   128 |    63 ||   191
         Punch             |       |       |       |     3 |       ||     3
   Cast: Magic Dart        |    78 |   100 |    52 |    58 |    65 ||   353
         Searing Ray       |     7 |    14 |    34 |    25 |    24 ||   104
         Mephitic Cloud    |       |     1 |     1 |     1 |       ||     3
         Fulminant Prism   |       |       |    45 |   179 |   160 ||   384
         Iskenderun's Myst |       |       |     4 |    45 |    66 ||   115
         Summon Forest     |       |       |       |    11 |    35 ||    46
         Anguish           |       |       |       |     1 |     1 ||     2
 Invoke: Channel Magic     |       |       |       |     1 |     2 ||     3
  Evoke: Wand              |       |       |     4 |    21 |    12 ||    37
    Use: Scroll            |     2 |       |    11 |    12 |     4 ||    29
         Potion            |       |       |       |     2 |     1 ||     3
   Stab: Paralysed         |       |       |       |    14 |       ||    14
         Distracted        |       |       |       |     2 |     2 ||     4
 Armour: Robe              |       |     2 |     4 |    29 |    11 ||    46
  Dodge: Dodged            |     2 |    12 |    70 |   334 |   281 ||   699

Table legend: (Time is in decaauts)
 A = Elapsed time spent in this place.
 B = Non-inter-level travel time spent in this place.
 C = Inter-level travel time spent in this place.
 D = Time resting spent in this place.
 E = Time spent auto-exploring this place.
 F = Levels seen in this place.
 G = Mean time per level.
                   A        B        C        D        E       F      G
               +--------+--------+--------+--------+--------+-----+--------+
         Total |  24402 |  23659 |    743 |   3754 |  15309 |  21 | 1162.0 |
       Dungeon |  12124 |  11688 |    436 |   1184 |   8293 |  12 | 1010.3 |
        Temple |     74 |     68 |      6 |      0 |     61 |   1 |   74.0 |
          Lair |   8581 |   8325 |    256 |   1808 |   4835 |   5 | 1716.2 |
    Slime Pits |      1 |      1 |      0 |      0 |      0 |   1 |    1.0 |
  Orcish Mines |   3619 |   3576 |     43 |    761 |   2118 |   2 | 1809.5 |
               +--------+--------+--------+--------+--------+-----+--------+

Top non-repeatable levels by time:
   Orc:2: 2984 daAuts
  Lair:4: 2828 daAuts
     D:8: 2105 daAuts
  Lair:3: 1731 daAuts
  Lair:1: 1714 daAuts
     D:9: 1579 daAuts
  Lair:2: 1575 daAuts
     D:5: 1429 daAuts
    D:11: 1245 daAuts
     D:4: 856 daAuts
     D:3: 831 daAuts
     D:6: 831 daAuts
     D:7: 809 daAuts
     D:2: 807 daAuts
    D:10: 740 daAuts
